 Dungeon Crawl Stone Soup version 0.32-a0-886-g41c5271027 (webtiles) character file.

Game seed: 905548922435195316

201 TacoSundae the Insei (level 5, -1/33 HPs)
             Began as an Octopode Shapeshifter on Apr 2, 2024.
             Splashed by a jelly's acid (3 damage)
             ... on level 4 of the Dungeon.
             The game lasted 00:08:07 (2688 turns).

TacoSundae the Insei (Octopode Shapeshifter)        Turns: 2688, Time: 00:08:08

Health: -1/33      AC: -7    Str: 13    XL:     5   Next: 79%
Magic:  5/5        EV: 12    Int: 13    God:
Gold:   1142       SH:  0    Dex: 13    Spells: 4/4 levels left

rFire   + .          .
                       - Unarmed
rCold   . . .        (no shield)
rNeg    . . .        (helmet currently unavailable)
rPois   .            (no amulet)
rElec   .            j - ring of protection from fire
rCorr   .            (no ring)
SInv    .            (no ring)
Will    .....        (no ring)
Stlth   ++           (no ring)
HPRegen 0.25/turn    (no ring)
MPRegen 0.09/turn    (no ring)
                     (no ring)

%: no passive effects
@: beast-form, corroded
A: beast (slay +2), almost no armour, amphibious, 8 rings, camouflage 1,
gelatinous body 1, (nimble swimmer 1), tentacles
a: Begin Untransformation


You were on level 4 of the Dungeon.
You were a hulking beast.
You visited 1 branch of the dungeon, and saw 4 of its levels.

You collected 1155 gold pieces.
You spent 13 gold pieces at shops.

Inventory:

Missiles
 d - 5 javelins
 o - 7 poisoned darts (quivered)
Jewellery
 j - a ring of protection from fire (left tentacle)
Talismans
 b - a beast talisman (active)
 c - a flux talisman
Wands
 f - a wand of mindburst (9)
Scrolls
 m - a scroll of immolation
 p - a scroll of revelation {unknown}
Potions
 a - a potion of lignification
 e - 2 potions of curing
 g - a potion of heal wounds
 h - a potion of berserk rage
 i - a potion of enlightenment {unknown}
 k - 3 potions of attraction {unknown}
 l - a potion of invisibility {unknown}


   Skills:
 - Level 1.0 Fighting
 + Level 3.0 Dodging
 * Level 4.5 Unarmed Combat
 * Level 4.4 Shapeshifting


You had 4 spell levels left.
You didn't know any spells.
Your spell library contained the following spells:

 Spells                   Type           Power      Damage    Failure   Level
 Sandblast                Erth           0%         2d4       30%         1
 Sting                    Conj/Alch      0%         1d3       30%         1
 Mercury Vapours          Alch/Air       0%         N/A       43%         2
 Sublimation of Blood     Necr           0%         N/A       43%         2
 Stone Arrow              Conj/Erth      0%         3d7       67%         3
 Brom's Barrelling Bould  Conj/Erth      0%         2d3       97%         4
 Olgreb's Toxic Radiance  Alch           0%         N/A       97%         4
 Petrify                  Alch/Erth      0%         N/A       97%         4
 Irradiate                Conj/Alch      0%         3d11      100%        5


Dungeon Overview and Level Annotations

Branches:
Dungeon (4/15)
 Temple: D:4-7

Altars:
Fedhas
Nemelex Xobeh
Sif Muna

Shops:
D:1 ((   D:3 !


Innate Abilities, Weirdness & Mutations

You are a hulking beast.
Your limbs bulge with bestial killing power. (Slay +2)
You cannot wear most types of armour.
You are amphibious.
You can wear up to eight rings at the same time.
Your skin changes colour to match your surroundings (Stealth+).
Your rubbery body absorbs attacks. (AC +1, EV +1)
((You are camouflaged when in or above water. (Stealth+)))
You have tentacles for arms and can constrict up to eight enemies at once.


Message History

You bludgeon the iguana! Your grab misses the iguana.
The iguana is moderately wounded.
The iguana bites you.
You tentacle-slap the iguana. You grab the iguana.
The iguana is heavily wounded.
You constrict the iguana. The iguana bites you.
You tentacle-slap the iguana.
The iguana is almost dead.
You constrict the iguana. The iguana closely misses you.
You tentacle-slap the iguana.
You kill the iguana!
No target in view!
You now have 1142 gold pieces (gained 3).
As you read the scroll labelled VORIOP DO VOAH, it crumbles to dust.
You feel strangely unstable.
It was a scroll of teleportation.
Your surroundings suddenly seem different.
A jelly comes into view.
The jelly quivers.
You tentacle-slap the jelly.
Your tentacles burn!
The jelly is lightly wounded.
The jelly hits you.
You are splashed with acid!
You barely miss the jelly.
The jelly is lightly wounded.
The jelly closely misses you.
You tentacle-slap the jelly. The acid corrodes you!
Your tentacles burn!
The jelly is heavily wounded.
You tentacle-slap the jelly but do no damage.
The acid corrodes you!
Your tentacles burn!
You squeeze the jelly.
The jelly is almost dead.
The jelly closely misses you.
You are too injured to fight recklessly!
You are too injured to fight recklessly!
You are too injured to fight recklessly!
You tentacle-slap the jelly but do no damage.
Your tentacles burn!
The jelly is almost dead.
The jelly hits you.
You are splashed with acid!
* * * LOW HITPOINT WARNING * * *
You tentacle-slap the jelly.
Your tentacles burn!
You die...

### ..# ..####
.....#### ........##
#######
..####...#####..hJ.#
.## ##...##...###..#
.# #.......## #....
## #...#...# ..# #
#..####.## ..# ##..#
##.## ... ##...#
##>####.# #####...##
##....# .......##
##..##


You could see a jelly.

Vanquished Creatures
  A hound (D:3)
  An iguana (D:4)
  Jessica (D:3)
  4 adders
  2 dart slugs
  3 ribbon worms (D:2)
  4 ball pythons
  3 bats
  5 endoplasms
  2 giant cockroaches
  8 goblins
  5 hobgoblins
  11 jackals
  2 quokkas (D:2)
  2 frilled lizards (D:1)
  6 kobolds
  5 rats
65 creatures vanquished.

Vanquished Creatures (collateral kills)
  A ball python (D:3)
1 creature vanquished.

Grand Total: 66 creatures vanquished

Notes
Turn   | Place    | Note
-------+----------+-------------------------------------------
     0 | D:1      | TacoSundae the Octopode Shapeshifter began the quest for
                  | the Orb.
     0 | D:1      | Reached XP level 1. HP: 13/13 MP: 1/1
     6 | D:1      | Noticed a scorpion
     6 | D:1      | Noticed a komodo dragon
     6 | D:1      | Noticed an anaconda
     7 | D:1      | Noticed a hound
     7 | D:1      | Noticed a swamp worm
    56 | D:1      | Found Ujommaoph's Antique Weapon Emporium.
   117 | D:1      | Reached XP level 2. HP: 14/18 MP: 2/2
   634 | D:1      | Found Bitz's Antique Weapon Boutique.
   778 | D:2      | Reached XP level 3. HP: 20/23 MP: 3/3
   948 | D:2      | Found a blossoming altar of Fedhas.
  1244 | D:2      | Reached XP level 4. HP: 26/28 MP: 4/4
  1809 | D:3      | Identified a scroll of acquirement
  1809 | D:3      | Acquired 997 gold pieces
  1857 | D:3      | Reached XP level 5. HP: 33/33 MP: 5/5
  1877 | D:3      | Found Pukin's Distillery.
  1890 | D:3      | Bought a potion of degeneration for 13 gold pieces
  2062 | D:3      | Found a faded altar of an unknown god.
  2164 | D:3      | Found a sparkling altar of Nemelex Xobeh.
  2244 | D:3      | Noticed Jessica
  2247 | D:3      | Killed Jessica
  2254 | D:3      | Found a shimmering blue altar of Sif Muna.
  2688 | D:4      | Splashed by a jelly's acid

Illustrated notes

Levels and vault maps discovered:
D:1:      onia_arrival_zoo_common, layout_loops_ring, serial_shops, shop, shop,
          nrook_uturn, serial_bayou_pond_d
D:2:      layout_loops_ring, basic_altar, kennysheep_cross_room
D:3:      layout_loops_ring, tgw_sif, mainiacjoe_overflow_six_doors_small,
          basic_ecumenical_altar, serial_shops, nicolae_shop_industrial_runoff
D:4:      layout_layer_cave, uniq_eustachio

Skill      XL: |  1  2  3  4  5 |
---------------+----------------+-----
Unarmed Combat | 4 |  4.5
Shapeshifting  | 4 |  4.4
Dodging        | 3 |  3.0
Fighting       | |  1.0

Action                     |  1- 3 |  4- 6 || total
---------------------------+-------+-------++-------
  Melee: Unarmed           |    59 |    68 ||   127
         Constrict         |    16 |    15 ||    31
         Tentacles         |     8 |     8 ||    16
         Punch             |     2 |     1 ||     3
  Throw: Javelin           |     2 |       ||     2
  Evoke: Wand              |       |     1 ||     1
    Use: Scroll            |       |    10 ||    10
   Stab: Sleeping          |     4 |     8 ||    12
 Armour: Skin              |    23 |    24 ||    47
  Dodge: Dodged            |    26 |    28 ||    54

Table legend: (Time is in decaauts)
 A = Elapsed time spent in this place.
 B = Non-inter-level travel time spent in this place.
 C = Inter-level travel time spent in this place.
 D = Time resting spent in this place.
 E = Time spent auto-exploring this place.
 F = Levels seen in this place.
 G = Mean time per level.
                   A        B        C        D        E       F      G
               +--------+--------+--------+--------+--------+-----+--------+
         Total |   2678 |   2552 |    126 |     59 |   1677 |   4 |  669.5 |
       Dungeon |   2678 |   2552 |    126 |     59 |   1677 |   4 |  669.5 |
               +--------+--------+--------+--------+--------+-----+--------+

Top non-repeatable levels by time:
     D:2: 1006 daAuts
     D:1: 758 daAuts
     D:3: 571 daAuts
     D:4: 342 daAuts
